 Dungeon Crawl Stone Soup version 0.27-a0-1081-ge8a0a9c698 (webtiles) character file.

Game seed: 7697764195892939307

10096 voltaire321 the Ducker (level 11, -3/79 HPs)
             Began as a Djinni Wanderer on Apr 26, 2021.
             Was a Priest of Makhleb.
             Slain by a seven-headed hydra (8 damage)
             ... on level 1 of the Lair of Beasts.
             The game lasted 01:01:51 (18005 turns).

voltaire321 the Ducker (Djinni Wanderer)           Turns: 18005, Time: 01:01:52

Health: -3/79      AC: 12    Str: 12    XL:     11   Next: 56%
Gold:   868        EV: 19    Int: 14    God:    Makhleb [***...] SH:  0 Dex: 15

rFire    + + .     SeeInvis +   a - +3 spear (freeze)
rCold    . . .     Faith    .   (no shield)
rNeg     . . .     Spirit   .   u - +2 leather armour {Will+}
rPois    ∞         Reflect  .   k - +2 helmet {SInv}
rElec    .         Harm     .   G - +2 cloak {Stlth+}
rCorr    .         Rampage  .   (no gloves)
Will     ++...                  (boots unavailable)
Stlth    +++.......             r - amulet of regeneration
HPRegen  1.23/turn              n - +4 ring of evasion
MPRegen  0.00/turn              C - ring of protection from cold

@: flying
A: fire resistance 2, cold vulnerability 1, float, innate caster, hp casting,
extra vitality 1
a: Renounce Religion, Minor Destruction, Lesser Servant of Makhleb


You were on level 1 of the Lair of Beasts.
You worshipped Makhleb.
Makhleb was most pleased with you.
You visited 3 branches of the dungeon, and saw 12 of its levels.
You also visited: Sewer.

You collected 868 gold pieces.

Inventory:

Hand Weapons
 a - a +3 spear of freezing (weapon)
 F - a +0 trident of protection
Missiles
 f - 362 stones
 q - 5 throwing nets
 y - 8 curare-tipped darts
Armour
 k - a +2 helmet of see invisible (worn)
 u - a +2 leather armour of willpower (worn)
 G - a +2 cloak of stealth (worn)
 J - a +0 kite shield
Jewellery
 n - a +4 ring of evasion (left hand)
 r - an amulet of regeneration (around neck)
 s - a +6 ring of dexterity
 t - a ring of positive energy
 C - a ring of protection from cold (right hand)
Wands
 g - a wand of acid (16)
 l - a wand of polymorph (4)
 A - a wand of iceblast (6)
 B - a wand of flame (13)
 H - a wand of paralysis (15)
Scrolls
 b - 2 scrolls of fog
 c - 3 scrolls of teleportation
 h - 4 scrolls of enchant weapon
 i - a scroll of vulnerability
 m - 4 scrolls of identify
Potions
 d - a potion of ambrosia {unknown}
 e - a potion of flight {unknown}
 j - 4 potions of magic {unknown}
 o - 2 potions of might {unknown}
 p - a potion of heal wounds
 v - a potion of berserk rage
 w - 2 potions of brilliance {unknown}
 x - 8 potions of curing {unknown}
 z - 2 potions of lignification {unknown}


   Skills:
 - Level 7.1 Fighting
 + Level 7.1 Polearms
 - Level 5.0 Armour
 - Level 7.9 Dodging
 - Level 1.5 Stealth
 * Level 5.7 Shields
 + Level 7.3 Spellcasting
 - Level 4.9 Invocations


You had 5 spell levels left.
You knew the following spells:

 Your Spells              Type           Power      Damage    Failure   Level
a - Sting                 Tmut/Pois      100%       1d8       1%          1
b - Ignite Poison         Fire/Tmut/Pois 25%        N/A       2%          3
c - Sandblast             Erth           50%        2d12      1%          1
d - Poisonous Vapours     Pois/Air       50%        N/A       1%          2
e - Portal Projectile     Hex/Tloc       50%        N/A       2%          3
f - Olgreb's Toxic Radia  Pois           25%        N/A       9%          4
g - Agony                 Necr           25%        N/A       24%         5
Your spell library was empty.

Dungeon Overview and Level Annotations

Branches:
Dungeon (10/15)            Temple (1/1) D:6            Lair (1/6) D:10
    Orc (0/2) D:10          Sewer (visited)

Altars:
Ashenzari
Dithmenos
Elyvilon
Fedhas
Gozag
Hepliaklqana
Kikubaaqudgha
Makhleb
Okawaru
Qazlal
Ru
Sif Muna
Trog
Uskayaw
Vehumet
Xom
Yredelemnul
Zin
The Shining One

Annotations:
D:8 Harold


Innate Abilities, Weirdness & Mutations

You are immune to poison.
Your flesh is very heat resistant. (rF++)
You are vulnerable to cold. (rC-)
You float through the air rather than walking.
You learn spells naturally, not from books.
Your magical power is your life essence.
You have superior vitality. (+4 HP)


Message History

* * * LOW HITPOINT WARNING * * *
The seven-headed hydra bites you but does no damage.
You hit the seven-headed hydra. You freeze the seven-headed hydra.
The seven-headed hydra is severely wounded.
The seven-headed hydra barely misses you.
The seven-headed hydra bites you!
* * * LOW HITPOINT WARNING * * *
The seven-headed hydra bites you.
* * * LOW HITPOINT WARNING * * *
The seven-headed hydra completely misses you.
The seven-headed hydra closely misses you.
The seven-headed hydra barely misses you.
The seven-headed hydra closely misses you.
Aiming: Corrosive Bolt
Press: ? - help, Shift-Dir - straight line, f/p - seven-headed hydra
Aim: a seven-headed hydra (severely wounded, 90% to hit)
The bolt of acid hits the seven-headed hydra!
The seven-headed hydra is splashed with acid.
The acid corrodes the seven-headed hydra!
The seven-headed hydra is severely wounded.
The seven-headed hydra bites you but does no damage.
The seven-headed hydra closely misses you.
The seven-headed hydra completely misses you.
The seven-headed hydra closely misses you.
The seven-headed hydra completely misses you.
The seven-headed hydra misses you.
The seven-headed hydra bites you but does no damage.
Aiming: Corrosive Bolt
Press: ? - help, Shift-Dir - straight line, f/p - seven-headed hydra
Aim: a seven-headed hydra (severely wounded, covered in acid, 90% to hit)
The bolt of acid hits the seven-headed hydra!
The seven-headed hydra is splashed with acid!
The seven-headed hydra seems to be corroded for longer.
The seven-headed hydra is almost dead.
The seven-headed hydra barely misses you.
The seven-headed hydra completely misses you.
The seven-headed hydra bites you!
* * * LOW HITPOINT WARNING * * *
The seven-headed hydra bites you!
You die...

#### #..##................#
...#### ##..#........#....#.#.
......#### #.#.....8.8.##..##.8.
........P# #............#.......
.........## #....#...>...#..'..>.
..........###.#............)#....
..........##..#..##.8.8.##..##.8.
..........###..#........#..##.###
..........####.D@..........####
...........# #.##.........## #
..........####.##..##.##..# ##
.........## #...##.......## ##.
........#####....#......## ###..
..............###.###.#..# #P..#
...................##....#####.#.
.....##.#...........####........#
....#####...........#.#..........


You could see a seven-headed hydra (corroded).

Vanquished Creatures
  Snorg (D:10)
  Erica (D:10)
  A two-headed ogre (D:10)
  Maurice (D:8)
  A gargoyle (D:10)
  2 cane toads (Lair:1)
  Psyche (D:8)
  A kobold demonologist (D:10)
  A komodo dragon (Lair:1)
  A troll (D:10)
  An acid dragon (D:8)
  2 water moccasins
  Purgy (Sewer)
  A sky beast (D:4)
  7 orc warriors
  An ice beast (D:6)
  2 black bears
  3 ogres
  7 necrophages
  3 centaurs
  8 kobold brigands
  2 bullfrogs
  2 wyvern zombies (D:8)
  3 scorpions
  5 killer bees (D:9)
  A water moccasin skeleton (D:7)
  16 wights
  5 howler monkeys
  5 centaur zombies
  5 orc priests
  2 hounds (D:5)
  A jelly (D:5)
  3 bullfrog skeletons
  Jessica (D:3)
  Ijyb (D:3)
  8 orc wizards
  Natasha (twice) (D:2)
  4 iguanas
  A mummy (D:8)
  2 howler monkey zombies
  Robin (D:2)
  4 gnolls
  5 adders
  2 shadow imps
  An ufetubus (D:3)
  An adder zombie (D:5)
  4 worms
  8 dart slugs
  37 orcs
  10 bats
  6 endoplasms
  3 giant cockroaches
  10 goblins
  9 hobgoblins
  11 jackals
  25 kobolds
  5 quokkas
  6 ball pythons
  4 frilled lizards
  8 rats
276 creatures vanquished.

Vanquished Creatures (others)
  3 fungi (Lair:1)
  11 plants
14 creatures vanquished.

Grand Total: 290 creatures vanquished

Notes
Turn   | Place    | Note
-------+----------+-------------------------------------------
     0 | D:1      | voltaire321 the Djinni Wanderer began the quest for the
                  | Orb.
     0 | D:1      | Reached XP level 1. HP: 17/17 MP: 0/0
   142 | D:1      | Reached XP level 2. HP: 15/22 MP: 0/0
   333 | D:1      | Found a faded altar of an unknown god.
   688 | D:1      | Reached XP level 3. HP: 27/27 MP: 0/0
   688 | D:1      | Learned a level 1 spell: Sandblast
   809 | D:1      | Reached skill level 1 in Armour
  1567 | D:2      | Reached XP level 4. HP: 12/33 MP: 0/0
  2020 | D:2      | Noticed Natasha
  2030 | D:2      | Killed Natasha
  2451 | D:2      | Reached XP level 5. HP: 38/38 MP: 0/0
  2451 | D:2      | Learned a level 2 spell: Poisonous Vapours
  2502 | D:2      | Noticed Robin
  2511 | D:2      | Killed Robin
  2877 | D:2      | Noticed Natasha
  2885 | D:2      | Killed Natasha
  3184 | D:3      | Noticed Jessica
  3195 | D:3      | Killed Jessica
  3488 | D:3      | Reached XP level 6. HP: 43/45 MP: 0/0
  3704 | D:3      | Found a glowing golden altar of the Shining One.
  4242 | D:4      | Noticed Ijyb
  4320 | D:4      | Noticed a sky beast
  4344 | D:4      | Killed a sky beast
  4912 | D:3      | Reached XP level 7. HP: 32/50 MP: 0/0
  4912 | D:3      | Learned a level 3 spell: Portal Projectile
  5295 | D:4      | Found a shimmering altar of Xom.
  5458 | D:3      | Killed Ijyb
  5644 | D:4      | Found a blossoming altar of Fedhas.
  5719 | D:4      | Found a glowing silver altar of Zin.
  5720 | D:4      | Noticed an angel
  5973 | D:5      | Entered Level 5 of the Dungeon
  6097 | D:5      | Identified the +7 short sword "Demonslayer" {chaos, Int+3}
  6279 | D:5      | Reached XP level 8. HP: 54/58 MP: 0/0
  6330 | D:5      | Found a glowing drain.
  6347 | Sewer    | Entered a sewer
  6378 | Sewer    | Noticed Purgy
  6393 | Sewer    | Killed Purgy
  6982 | D:5      | Found a large runed translucent door.
  6982 | D:5      | Found a large runed translucent door.
  6984 | D:5      | Found a shimmering altar of Xom.
  7347 | D:5      | Noticed a moth of wrath
  7349 | D:5      | Found a bloodstained altar of Trog.
  7539 | D:5      | Reached skill level 5 in Dodging
  8218 | D:6      | Reached XP level 9. HP: 26/64 MP: 0/0
  8218 | D:6      | Learned a level 4 spell: Olgreb's Toxic Radiance
  8331 | D:6      | Reached skill level 5 in Fighting
  8572 | D:6      | Found a staircase to the Ecumenical Temple.
  8577 | Temple   | Entered the Ecumenical Temple
  8690 | Temple   | Became a worshipper of Makhleb the Destroyer
  8827 | D:6      | Reached skill level 5 in Armour
  8827 | D:6      | Reached skill level 5 in Spellcasting
  8851 | D:6      | Reached skill level 1 in Invocations
  9557 | D:6      | Found a hazy altar of Hepliaklqana.
 10044 | D:7      | Reached * piety under Makhleb
 10251 | D:7      | Found a stormy altar of Qazlal.
 10362 | D:7      | Reached skill level 5 in Polearms
 10434 | D:7      | Found a sacrificial altar of Ru.
 11080 | D:8      | Found a broken altar of Ashenzari.
 11095 | D:8      | Reached ** piety under Makhleb
 11303 | D:8      | Noticed Psyche
 11307 | D:8      | Killed Psyche
 11308 | D:8      | Reached XP level 10. HP: 69/72 MP: 0/0
 11340 | D:8      | Noticed Maurice
 11346 | D:8      | Killed Maurice
 12777 | D:8      | Noticed Harold
 13146 | D:8      | Identified the +9 arbalest of Dissatisfaction {penet, rN+}
 13902 | D:9      | Reached *** piety under Makhleb
 14329 | D:9      | Found a white marble altar of Elyvilon.
 14763 | D:10     | Entered Level 10 of the Dungeon
 14780 | D:10     | Noticed a gargoyle
 14798 | D:10     | Killed a gargoyle
 15151 | D:10     | Found a staircase to the Orcish Mines.
 15168 | D:10     | Noticed Snorg
 15944 | D:10     | Reached XP level 11. HP: 78/79 MP: 0/0
 15944 | D:10     | Learned a level 5 spell: Agony
 16186 | D:10     | Noticed Erica
 16196 | D:10     | Killed Erica
 16535 | D:10     | Noticed a two-headed ogre
 16542 | D:10     | Killed a two-headed ogre
 16566 | D:10     | Found a staircase to the Lair.
 16842 | D:10     | Killed Snorg
 16843 | D:10     | Reached skill level 5 in Shields
 16995 | Lair:1   | Entered Level 1 of the Lair of Beasts
 17035 | Lair:1   | Noticed a seven-headed hydra
 17047 | Lair:1   | Found a hide-covered altar of Uskayaw.
 17426 | Lair:1   | Identified a scroll of acquirement
 17426 | Lair:1   | Acquired an amulet of regeneration
 18005 | Lair:1   | Slain by a seven-headed hydra

Illustrated notes

Levels and vault maps discovered:
D:1:      nicolae_arrival_washed_ashore, layout_basic,
          hellmonk_ecumenical_altar_heavens_door, minmay_tetromino_s2
D:2:      layout_loops_ring, uniq_robin, uniq_natasha
D:3:      minmay_spotlight, layout_loops_corners, tso_oasis_becter, uniq_jessica
D:4:      layout_rooms, xom_teletrap_fun, zin_angel, fedhas_altar_4,
          grunt_decor_one_mirror, lexackson_kobold_supper, uniq_ijyb
D:5:      due_chaos_kobolds, layout_basic, tgw_trog, portal_sewer_entry_d,
          kennysheep_generic_room_10
D:6:      layout_loops_ring, general_overflow_altar, temple_doors_ab,
          st_stairs_9, corner_web_ring
D:7:      layout_gridville, nicolae_qazlal_eye_of_the_storm,
          nicolae_overflow_crystal_walls
D:8:      layout_gridville, lemuel_doored_altar, serial_undead, serial_undead_c,
          serial_undead_a, serial_undead_c, serial_undead_c, uniq_maurice,
          uniq_psyche, uniq_harold
D:9:      layout_basic, overflow_temple_1_default
D:10:     layout_basic, lair_entry_dummy, david_orc_2, uniq_erica, uniq_snorg
Temple:   hc_temple_tempest_star
Lair:1:   layout_cave_pods, basic_altar, grunt_megastairs_2

Skill      XL: |  1  2  3  4  5  6  7  8  9 10 11 |
---------------+----------------------------------+-----
Armour         | 1 2 3 4 5 |  5.0
Polearms       | 2 3 4 5 6 7 |  7.1
Dodging        | 2 3 4 5 6 7 |  7.9
Spellcasting   | 3 4 5 6 7 |  7.3
Fighting       | 2 3 4 6 7 |  7.1
Invocations    | 3 4 |  4.9
Shields        | 2 5 |  5.7
Stealth        | |  1.5

Action                   |  1- 3 |  4- 6 |  7- 9 | 10-12 || total
-------------------------+-------+-------+-------+-------++-------
Melee: Spear             |    85 |   198 |   558 |   325 ||  1166
 Cast: Sting             |     5 |    11 |    37 |    21 ||    74
       Sandblast         |     5 |    11 |    26 |    25 ||    67
       Poisonous Vapours |       |     3 |    35 |    64 ||   102
       Ignite Poison     |       |       |     3 |    19 ||    22
       Portal Projectile |       |       |     1 |       ||     1
       Olgreb's Toxic Ra |       |       |       |     4 ||     4
Evoke: Wand              |       |       |     3 |    11 ||    14
  Use: Scroll            |       |     1 |    13 |     7 ||    21
       Potion            |       |       |       |     2 ||     2
 Stab: Sleeping          |     2 |     3 |     4 |     3 ||    12
Armor: Robe              |     1 |       |       |       ||     1
       Leather armour    |    12 |    48 |   114 |    92 ||   266
Dodge: Dodged            |    41 |   120 |   402 |   346 ||   909

Table legend: (Time is in decaauts)
 A = Elapsed time spent in this place.
 B = Non-inter-level travel time spent in this place.
 C = Inter-level travel time spent in this place.
 D = Time resting spent in this place.
 E = Time spent auto-exploring this place.
 F = Levels seen in this place.
 G = Mean time per level.
                   A        B        C        D        E       F      G
               +--------+--------+--------+--------+--------+-----+--------+
         Total |  17865 |  16722 |   1143 |   6063 |   7256 |  13 | 1374.2 |
       Dungeon |  16618 |  15486 |   1132 |   5501 |   6840 |  10 | 1661.8 |
        Temple |    142 |    142 |      0 |      0 |    116 |   1 |  142.0 |
          Lair |   1005 |    994 |     11 |    562 |    272 |   1 | 1005.0 |
         Sewer |     98 |     98 |      0 |      0 |     28 |   1 |   98.0 |
               +--------+--------+--------+--------+--------+-----+--------+

Top non-repeatable levels by time:
     D:8: 2513 daAuts
    D:10: 2224 daAuts
     D:3: 2093 daAuts
     D:5: 1751 daAuts
     D:6: 1703 daAuts
     D:2: 1666 daAuts
     D:1: 1414 daAuts
     D:7: 1303 daAuts
     D:9: 1155 daAuts
  Lair:1: 1005 daAuts
     D:4: 793 daAuts
  Temple: 142 daAuts
   Sewer: 98 daAuts
